 Dungeon Crawl Stone Soup version 0.31-a0-177-g4aa6249778 (webtiles) character file.

Game seed: 8185621270883240409

38 qw the Shooter (level 3, -2/32 HPs)
             Began as a Naga Hunter on June 18, 2023.
             Shot themself with an arrow (7 damage)
             ... on level 2 of the Dungeon.
             The game lasted 00:00:17 (1066 turns).

qw the Shooter (Naga Hunter)                        Turns: 1066, Time: 00:00:18

Health: -2/32      AC:  2    Str: 13    XL:     3   Next: 43%
Magic:  3/3        EV:  9    Int:  9    God:
Gold:   62         SH:  0    Dex: 16    Spells: 2/2 levels left

rFire   . . .        Y - +0 shortbow
rCold   . . .        (shield currently unavailable)
rNeg    . . .        c - +0 leather armour
rPois   +            (no helmet)
rElec   .            (no cloak)
rCorr   .            (no gloves)
SInv    +            (no barding)
Will    .....        (no amulet)
Stlth   ++           (no ring)
HPRegen 0.25/turn    (no ring)
MPRegen 0.08/turn

%: no passive effects
@: lethally poisoned (-2 -> -20), short of breath, very slow
A: AC +1, large, see invisible, deformed body, poison resistance, slowness 2,
spit poison 1, naga tail 1
a: Spit Poison


You were on level 2 of the Dungeon.
You visited 1 branch of the dungeon, and saw 2 of its levels.

You collected 62 gold pieces.


Innate Abilities, Weirdness & Mutations

Your serpentine skin is tough. (AC +1)
You have supernaturally acute eyesight. (SInv)
Armour fits poorly on your strangely shaped body.
Your system is resistant to poisons. (rPois)
You cover ground very slowly.
You can spit poison.
You have a snake-like lower body.


   Skills:
 - Level 2.0 Fighting
 + Level 4.7 Ranged Weapons
 - Level 1.5 Dodging
 - Level 1.5 Stealth


You had 2 spell levels left.
You didn't know any spells.
Your spell library was empty.

Inventory:

Hand Weapons
 Y - a +0 shortbow (weapon)
Armour
 a - a +0 helmet
 c - a +0 leather armour (worn)
Scrolls
 b - a scroll of teleportation {unknown}
Potions
 d - a potion of enlightenment {unknown}
 e - a potion of ambrosia {unknown}
 f - a potion of heal wounds {unknown}
 g - a potion of might {unknown}
 h - a potion of attraction {unknown}
 i - a potion of magic {unknown}

Dungeon Overview and Level Annotations

Branches:
Dungeon (2/15)

Altars:


Message History

You have got your breath back.
The goblin closely misses you.
The goblin hits you with a +2 dagger of venom.
1060 ||| INVOKING Spit Poison.
Aiming: Spit Poison (2% risk of failure)
Press: ? - help, Shift-Dir - straight line, f/p - goblin The splash of poison reflects off an invisible shield around the goblin!
The splash of poison hits you. You resist.
The goblin hits you with a +2 dagger of venom.
You shoot an arrow.
The goblin blocks the arrow with an invisible shield... and reflects it back!
The arrow barely misses you. The goblin barely misses you.
You shoot an arrow.
The goblin blocks the arrow with an invisible shield... and reflects it back!
The arrow barely misses you.
The goblin hits you with a +2 dagger of venom.
You shoot an arrow.
The goblin blocks the arrow with an invisible shield... and reflects it back!
The arrow hits you.
The goblin hits you with a +2 dagger of venom.
You shoot an arrow.
The goblin blocks the arrow with an invisible shield... and reflects it back!
The arrow hits you.
You have got your breath back.
The goblin hits you but does no damage.
1065 ||| INVOKING Spit Poison.
Aiming: Spit Poison (2% risk of failure)
Press: ? - help, Shift-Dir - straight line, f/p - goblin The splash of poison reflects off an invisible shield around the goblin!
The splash of poison hits you but does no damage.
You are poisoned.
You resist.
You feel sick.
The goblin hits you with a +2 dagger of venom.
You are lethally poisoned!
You shoot an arrow.
The goblin blocks the arrow with an invisible shield... and reflects it back!
The arrow hits you!
You die...

##### #...#
###.#.###
#...#...#######
#####.#####.....@.#
...##...#...####g..#
##......#.### .....#
##..###...# .......#
##..# #####
.......... ##..#
#........#.# 8#..#
#.......## # ##..#
#......## ##...


You could see a goblin (reflecting).

Vanquished Creatures
  A gnoll (D:1)
  2 ball pythons (D:1)
  2 endoplasms
  3 goblins (D:1)
  3 hobgoblins (D:1)
  3 jackals (D:1)
  4 bats
  A frilled lizard (D:1)
  5 kobolds (D:1)
  3 rats (D:1)
27 creatures vanquished.

Notes
Turn   | Place    | Note
-------+----------+-------------------------------------------
     0 | D:1      | qw the Naga Hunter began the quest for the Orb.
     0 | D:1      | Reached XP level 1. HP: 19/19 MP: 1/1
     0 | D:1      | 0 ||| qw: Version: 0.3-a-5-g6f28e65
     0 | D:1      | 0 ||| qw: Game counter: 524
     0 | D:1      | 0 ||| qw: Always use a shield: true
     0 | D:1      | 0 ||| qw: God list: Okawaru
     0 | D:1      | 0 ||| qw: Allow faded altars: false
     0 | D:1      | 0 ||| qw: Do Orc after D:15 true
     0 | D:1      | 0 ||| qw: Do second Lair branch before Depths: true
     0 | D:1      | 0 ||| qw: Lair rune preference: random
     0 | D:1      | 0 ||| qw: Plans: Normal
     0 | D:1      | 0 ||| PLANNING D:1-11
    14 | D:1      | 14 ||| INVOKING Spit Poison.
    28 | D:1      | 28 ||| INVOKING Spit Poison.
   105 | D:1      | 105 ||| INVOKING Spit Poison.
   166 | D:1      | 166 ||| INVOKING Spit Poison.
   169 | D:1      | 169 ||| INVOKING Spit Poison.
   170 | D:1      | Reached skill level 4 in Ranged Weapons
   170 | D:1      | Reached XP level 2. HP: 22/26 MP: 2/2
   172 | D:1      | 172 ||| INVOKING Spit Poison.
   191 | D:1      | 191 ||| INVOKING Spit Poison.
   195 | D:1      | 195 ||| INVOKING Spit Poison.
   271 | D:1      | 271 ||| INVOKING Spit Poison.
   300 | D:1      | 300 ||| INVOKING Spit Poison.
   331 | D:1      | 331 ||| INVOKING Spit Poison.
   335 | D:1      | 335 ||| INVOKING Spit Poison.
   337 | D:1      | Reached XP level 3. HP: 27/32 MP: 3/3
   340 | D:1      | 340 ||| INVOKING Spit Poison.
   369 | D:1      | 369 ||| INVOKING Spit Poison.
   374 | D:1      | 374 ||| INVOKING Spit Poison.
   415 | D:1      | 415 ||| INVOKING Spit Poison.
   479 | D:1      | 479 ||| INVOKING Spit Poison.
   482 | D:1      | 482 ||| INVOKING Spit Poison.
   513 | D:1      | 513 ||| INVOKING Spit Poison.
   645 | D:1      | 645 ||| INVOKING Spit Poison.
   653 | D:1      | 653 ||| READING scroll labelled QOMAM YJEELA.
   754 | D:1      | 754 ||| DROPPING scroll of butterflies.
   878 | D:2      | Identified the +1 dagger of Syerru {freeze, *Corrode rC+
                  | Will+ Stlth+}
  1010 | D:2      | 1010 ||| INVOKING Spit Poison.
  1057 | D:2      | 1057 ||| INVOKING Spit Poison.
  1060 | D:2      | 1060 ||| INVOKING Spit Poison.
  1065 | D:2      | 1065 ||| INVOKING Spit Poison.
  1065 | D:2      | HP: 8/32 [poisoned by INVALID YOU_FAULTLESS (splash of
                  | poison)]
  1066 | D:2      | Shot themself with an arrow

Levels and vault maps discovered:
D:1:      psy_arrival_terrarium, layout_loops_ring
D:2:      layout_loops_ring, minmay_misc_feat_rugged, dk_noncrumbling_2,
          grunt_decor_arrowhead, uniq_robin

Skill      XL: |  1 |
---------------+----+-----
Ranged Weapons | 4 |  4.7
Fighting       | |  2.0
Dodging        | |  1.5
Stealth        | |  1.5

Action                     || total
---------------------------++-------
   Fire: Shortbow          ||    47
Ability: Spit Poison       ||    24
    Use: Scroll            ||     1
 Armour: Leather armour    ||     7
  Dodge: Dodged            ||    15

Table legend:
 A = Non-vault XP
 B = Vault XP
 C = Vault XP percentage of total XP
 D = Non-vault monster count
 E = Vault monster count
 F = Vault count percentage of total count
                 A         B        C        D         E       F
            +---------+---------+-------+---------+---------+-------
      Total |      55 |       0 |   0.0 |      27 |       0 |   0.0
            +---------+---------+-------+---------+---------+-------
        D:1 |      51 |       0 |   0.0 |      25 |       0 |   0.0
        D:2 |       4 |       0 |   0.0 |       2 |       0 |   0.0
            +---------+---------+-------+---------+---------+-------
